 Dungeon Crawl Stone Soup version 0.31-a0-210-gccc998df9b (webtiles) character file.

Game seed: 5209728975323570659

56 qw the Shooter (level 3, -2/29 HPs)
             Began as a Minotaur Hexslinger on June 30, 2023.
             Slain by a scorpion (3 damage)
             ... on level 4 of the Dungeon.
             The game lasted 00:00:28 (1573 turns).

qw the Shooter (Minotaur Hexslinger)                Turns: 1573, Time: 00:00:29

Health: -2/29      AC:  5    Str: 12    XL:     3   Next: 69%
Magic:  3/3        EV: 11    Int: 10    God:
Gold:   136        SH:  0    Dex: 14    Spells: 3/4 levels left

rFire   . . .        Y - +1 sling
rCold   . . .        (no shield)
rNeg    . . .        f - +0 ring mail
rPois   .            (helmet restricted)
rElec   .            (no cloak)
rCorr   .            (no gloves)
SInv    .            (no boots)
Will    .....        b - amulet of the acrobat
Stlth   +            (no ring)
HPRegen 0.24/turn    (no ring)
MPRegen 0.08/turn

%: acrobat
@: no status effects
A: horns 2, retaliatory headbutt
a: no special abilities


You were on level 4 of the Dungeon.
You visited 1 branch of the dungeon, and saw 4 of its levels.

You collected 136 gold pieces.


Innate Abilities, Weirdness & Mutations

You have a pair of horns on your head.
You reflexively headbutt those who attack you in melee.


   Skills:
 - Level 2.3 Fighting
 - Level 4.1 Ranged Weapons
 + Level 0.0 Armour
 - Level 2.1 Dodging
 - Level 1.0 Spellcasting
 - Level 2.0 Hexes


You had 3 spell levels left.
You knew the following spells:

 Your Spells              Type           Power      Damage    Failure   Level
a - Slow                  Hex            16%        N/A       34%         1

Your spell library contained the following spells:

 Spells                   Type           Power      Damage    Failure   Level
 Inner Flame              Hex/Fire       2%         N/A       83%         3
 Portal Projectile        Hex/Tloc       4%         N/A       83%         3
 Cause Fear               Hex            2%         N/A       98%         4

Inventory:

Hand Weapons
 Y - a +1 sling (weapon)
Armour
 f - a +0 ring mail (worn)
Jewellery
 b - an amulet of the acrobat (around neck)
 c - a ring of fire
Scrolls
 a - 2 scrolls of identify
Potions
 e - a potion of might

Dungeon Overview and Level Annotations

Branches:
Dungeon (4/15)
 Temple: D:4-7

Altars:
Ashenzari
Cheibriados
Vehumet


Message History

The scorpion closely misses you.
You shoot a sling bullet.
The sling bullet barely misses the scorpion.
The sling bullet hits the gnoll.
The gnoll is heavily wounded.
The scorpion barely misses you.
The gnoll hits you from afar with a +0 spear.
The gnoll closely misses you.
You shoot a sling bullet.
The sling bullet barely misses the scorpion.
The sling bullet closely misses the gnoll.
The scorpion closely misses you. You furiously retaliate!
You headbutt the scorpion. The gnoll closely misses you.
The gnoll hits you from afar with a +0 spear.
The scorpion stings you but does no damage.
The gnoll completely misses you.
The gnoll hits you from afar with a +0 spear.
You shoot a sling bullet. The sling bullet hits the scorpion.
The scorpion is moderately wounded.
The scorpion stings you. The gnoll barely misses you.
The gnoll hits you from afar with a +0 spear.
The scorpion stings you but does no damage.
You shoot a sling bullet.
The sling bullet closely misses the scorpion.
The sling bullet hits the gnoll.
You kill the gnoll!
The goblin unwields a +0 club.
The goblin wields a +0 sling.
The goblin shoots a sling bullet.
The sling bullet hits you but does no damage.
The gnoll hits you from afar with a +0 spear.
The scorpion closely misses you.
Your Ranged Weapons skill increases to level 4!
You shoot a sling bullet. The sling bullet hits the scorpion.
The scorpion is heavily wounded.
The scorpion closely misses you.
The gnoll hits you from afar with a +0 spear.
The goblin shoots a sling bullet.
The sling bullet hits you but does no damage.
The scorpion stings you.
You die...

...... ....>
.##.... ....<..
+#....g .....gg #+#
....g#s##.###
.......@#...##
........'.#..######
......(.#.[.......#
..........#######.#
..........#.....#.#
##.....#..#.....#.#
..........#.._..'.#
###.....#.#.....#.#
#.)...+.#.....#.#


You could see a scorpion, 3 gnolls and a goblin.

Vanquished Creatures
  A gnoll (D:4)
  2 adders
  2 dart slugs
  2 endoplasms
  A hobgoblin (D:1)
  A quokka (D:3)
  A ball python (D:1)
  3 bats
  5 frilled lizards
  5 goblins
  4 kobolds
  A rat (D:1)
28 creatures vanquished.

Notes
Turn   | Place    | Note
-------+----------+-------------------------------------------
     0 | D:1      | qw the Minotaur Hexslinger began the quest for the Orb.
     0 | D:1      | Reached XP level 1. HP: 16/16 MP: 1/1
     0 | D:1      | 0 ||| qw: Version: 0.3-a-26-gee661ec
     0 | D:1      | 0 ||| qw: Game counter: 7202
     0 | D:1      | 0 ||| qw: Melee chars always use a shield: true
     0 | D:1      | 0 ||| qw: God list: Okawaru
     0 | D:1      | 0 ||| qw: Allow faded altars: false
     0 | D:1      | 0 ||| qw: Do Orc after clearing Dungeon:15 true
     0 | D:1      | 0 ||| qw: Do second Lair branch before Depths: true
     0 | D:1      | 0 ||| qw: Lair rune preference: random
     0 | D:1      | 0 ||| qw: Goals: Normal
     0 | D:1      | 0 ||| PLANNING D:1-11
   308 | D:1      | Reached skill level 3 in Ranged Weapons
   311 | D:1      | Reached XP level 2. HP: 22/23 MP: 2/2
   644 | D:1      | 644 ||| UPGRADING to +0 leather armour.
   654 | D:1      | 654 ||| DROPPING +0 robe.
   655 | D:1      | 655 ||| UPGRADING to +0 ring mail.
   665 | D:1      | 665 ||| DROPPING +0 leather armour.
   666 | D:1      | 666 ||| READING scroll labelled RUPLAW YSAPTO.
   669 | D:1      | 669 ||| DRINKING 2 smoky blue potions.
   716 | D:1      | 716 ||| DROPPING scroll of poison.
   717 | D:1      | 717 ||| DROPPING potion of lignification.
   747 | D:2      | 747 ||| STAIRDANCE
   864 | D:2      | Found a broken altar of Ashenzari.
   956 | D:2      | Reached XP level 3. HP: 29/29 MP: 3/3
  1361 | D:2      | 1361 ||| UPGRADING to amulet of the acrobat.
  1366 | D:2      | 1366 ||| READING 4 scrolls labelled TALOGOU YCSABB.
  1367 | D:2      | 1367 ||| READING scroll labelled RYBOAPH SURING.
  1368 | D:2      | 1368 ||| READING 3 scrolls of identify.
  1368 | D:2      | 1368 ||| IDENTIFYING grey potion
  1442 | D:3      | Found a snail-covered altar of Cheibriados.
  1487 | D:3      | You fall into a shaft and drop 1 floor!
  1487 | D:4      | Found a radiant altar of Vehumet.
  1490 | D:4      | 1490 ||| READING 3 scrolls of identify.
  1490 | D:4      | 1490 ||| IDENTIFYING fuming purple potion
  1491 | D:4      | 1491 ||| DROPPING potion of ambrosia.
  1562 | D:4      | Noticed a scorpion
  1571 | D:4      | HP: 6/29 [gnoll/+0 spear (6)]
  1573 | D:4      | Reached skill level 4 in Ranged Weapons
  1573 | D:4      | HP: 1/29 [gnoll/+0 spear (5)]
  1573 | D:4      | Slain by a scorpion

Levels and vault maps discovered:
D:1:      amcnicky_arrival_wind_blow, layout_basic, lemuel_flame_loot_1
D:2:      layout_loops_ring, basic_altar, kennysheep_small_spiral
D:3:      layout_basic, cheibriados_altar_1, serial_shops,
          nicolae_shop_pleasant_corner_grove
D:4:      minmay_opposing_rooms, layout_basic, amcnicky_altar_gilded

Skill      XL: |  1  2  3 |
---------------+----------+-----
Ranged Weapons | 3 4 |  4.1
Fighting       | 2 |  2.3
Dodging        | |  2.1
Spellcasting   | |  1.0
Hexes          | |  2.0

Action                     || total
---------------------------++-------
   Fire: Sling             ||    79
    Use: Scroll            ||     5
         Potion            ||     1
 Armour: Robe              ||     1
         Ring mail         ||    14
  Dodge: Dodged            ||    41

Table legend:
 A = Non-vault XP
 B = Vault XP
 C = Vault XP percentage of total XP
 D = Non-vault monster count
 E = Vault monster count
 F = Vault count percentage of total count
                 A         B        C        D         E       F
            +---------+---------+-------+---------+---------+-------
      Total |      80 |       0 |   0.0 |      28 |       0 |   0.0
            +---------+---------+-------+---------+---------+-------
        D:1 |      30 |       0 |   0.0 |      15 |       0 |   0.0
        D:2 |      14 |       0 |   0.0 |       7 |       0 |   0.0
        D:3 |      21 |       0 |   0.0 |       4 |       0 |   0.0
        D:4 |      15 |       0 |   0.0 |       2 |       0 |   0.0
            +---------+---------+-------+---------+---------+-------
